 Dungeon Crawl Stone Soup version 0.30-b1-2-g02819fbbbe (webtiles) character file.

Game seed: 3762632282050491657

24759 protoss039 the Thaumaturge (level 12, -1/96 HPs)
             Began as a Demonspawn Earth Elementalist on July 2, 2023.
             Was an Elder of Vehumet.
             Slain by a vault guard
             ... wielding a +2 great sword of holy wrath
              (8 damage)
             ... on level 13 of the Dungeon.
             The game lasted 00:35:48 (16201 turns).

protoss039 the Thaumaturge (DsEE)                  Turns: 16201, Time: 00:35:49

Health: -1/96      AC: 15    Str:  8    XL:     12   Next: 83%
Magic:  19/27      EV: 11    Int: 25    God:    Vehumet [****..]
Gold:   322        SH:  5    Dex: 12    Spells: 20/34 levels left

rFire   . . .        y - +0 dagger (venom)
rCold   . . .        B - +0 buckler
rNeg    + . .        h - +3 leather armour "Seuzu Xirr" {+Inv rN+ Int+4 Dex-3}
rPois   +            A - +0 helmet
rElec   .            (no cloak)
rCorr   .            (gloves unavailable)
SInv    .            c - +0 pair of boots
Will    .....        (no amulet)
Stlth   ++           x - ring of poison resistance
HPRegen 0.36/turn    (no ring)
MPRegen 0.20/turn

%: no passive effects
@: sanguine armoured, studying Spellcasting
A: claws 3, sanguine armour 1, demonic magic 1
a: Renounce Religion, Evoke Invisibility


You were on level 13 of the Dungeon.
You worshipped Vehumet.
Vehumet was greatly pleased with you.
You visited 2 branches of the dungeon, and saw 14 of its levels.

You collected 818 gold pieces.
You spent 496 gold pieces at shops.

Inventory:

Hand Weapons
 o - a +2 trident of freezing
 y - a +0 dagger of venom (weapon)
 E - a +2 falchion of electrocution
Missiles
 u - a throwing net
Armour
 c - a +0 pair of boots (worn)
 h - the +3 leather armour "Seuzu Xirr" (worn) {+Inv rN+ Int+4 Dex-3}
   (You bought it in a shop on level 7 of the Dungeon)

   Int:       It affects your intelligence (+4).
   Dex:       It affects your dexterity (-3).
   rN:        It protects you from negative energy.
   +Inv:      It lets you turn invisible.
 q - a +1 ring mail of fire resistance
 A - a +0 helmet (worn)
 B - a +0 buckler (worn)
Magical Staves
 Q - a staff of earth
Jewellery
 x - a ring of poison resistance (left claw)
 R - an amulet of guardian spirit
Wands
 d - a wand of paralysis (9)
 D - a wand of polymorph (22)
 M - a wand of iceblast (1)
Scrolls
 e - a scroll of amnesia {unknown}
 f - a scroll of blinking
 i - a scroll of acquirement {unknown}
 k - a scroll of torment {unknown}
 l - 3 scrolls of immolation
 n - a scroll of identify
 p - 2 scrolls of vulnerability {unknown}
 t - 5 scrolls of enchant armour
 w - 3 scrolls of teleportation
 G - 3 scrolls of fear
 J - 2 scrolls of silence {unknown}
 K - a scroll of butterflies {unknown}
 L - a scroll of noise {unknown}
 N - a scroll of fog {unknown}
Potions
 a - 2 potions of degeneration
 b - 5 potions of magic
 g - 4 potions of ambrosia
 j - 2 potions of attraction {unknown}
 m - 2 potions of flight
 r - 2 potions of cancellation {unknown}
 s - a potion of curing
 v - 2 potions of might {unknown}
 z - a potion of heal wounds
 C - 3 potions of haste {unknown}
 F - 2 potions of lignification {unknown}
 I - 2 potions of brilliance {unknown}
 O - a potion of invisibility {unknown}
Miscellaneous
 H - a condenser vane (inert)


   Skills:
 + Level 9.5 Fighting
 + Level 7.0 Armour
 - Level 1.7 Dodging
 - Level 1.7 Stealth
 + Level 6.9 Shields
 + Level 11.5 Spellcasting
 - Level 6.0 Conjurations
 - Level 3.0 Transmutations
 - Level 3.0 Fire Magic
 - Level 3.0 Ice Magic
 - Level 3.0 Air Magic
 + Level 9.2 Earth Magic
 - Level 3.0 Evocations


You had 20 spell levels left.
You knew the following spells:

 Your Spells              Type           Power      Damage    Failure   Level
a - Sandblast             Erth           100%       2d20      1%          1
b - Passwall              Tmut/Erth      37%        N/A       1%          2
c - Stone Arrow           Conj/Erth      100%       3d13      1%          3
d - Inner Flame           Hex/Fire       21%        N/A       4%          3
h - Freezing Cloud        Conj/Ice/Air   17%        6-21      12%         5

Your spell library contained the following spells:

 Spells                   Type           Power      Damage    Failure   Level
 Fulminant Prism          Conj/Hex       14%        3d9       7%          4
 Momentum Strike          Conj/Tloc      58%        3d9       1%          2
 Ignite Poison            Fire/Tmut/Pois 24%        N/A       3%          3
 Petrify                  Tmut/Erth      45%        N/A       7%          4
 Ozocubu's Armour         Ice            29%        N/A       8%          3
 Cigotuvi's Dreadful Rot  Necr/Pois/Air  38%        N/A       9%          2
 Blink                    Tloc           28%        N/A       13%         2
 Lesser Beckoning         Tloc           28%        N/A       13%         2
 Ozocubu's Refrigeration  Ice            14%        4d10      99%         7
 Malign Gateway           Summ/Tloc      7%         N/A       100%        7
 Borgnjor's Revivificati  Necr           7%         N/A       100%        8
 Necromutation            Tmut/Necr      10%        N/A       100%        8
 Summon Horrible Things   Summ           7%         N/A       100%        8
 Death's Door             Necr           7%         N/A       100%        9


Dungeon Overview and Level Annotations

Branches:
Dungeon (13/15) Zot: 26388  Temple (1/1) D:5 Zot: 5918    Lair (0/5) D:10
    Orc (0/2) D:9          Vaults (0/5) D:13

Altars:
Ashenzari
Cheibriados
Dithmenos
Fedhas
Gozag
Hepliaklqana
Kikubaaqudgha
Makhleb
Nemelex Xobeh
Okawaru
Qazlal
Ru
Sif Muna
Trog
Uskayaw
Vehumet
Wu Jian
Xom
Yredelemnul

Shops:
D:5 !   D:7 ([   D:12 *

Annotations:
D:7 1 runed translucent door, Drakonis1988's ghost, novice MiFi
D:8 4 runed translucent doors, 2 transporters
D:13 exclusion: door


Innate Abilities, Weirdness & Mutations

You have claws for hands.
When seriously injured, your blood forms armour. (AC +6)
Spells you cast may paralyse adjacent enemies.


Message History

The vault guard hits you with a +2 great sword of holy wrath!
* * * LOW HITPOINT WARNING * * *
You convulse!
* * * LOW HITPOINT WARNING * * *
Unknown command.
Unknown command.
Okay, then.
Unknown command.
Press: ? - help, v - describe, . - travel
Here: a vault guard, wielding a +2 great sword of holy wrath and wearing a +0 chain mail (heavily wounded)
The floor.
Okay, then.
Okay, then.
As you read the scroll of fear, it crumbles to dust.
You assume a fearsome visage.
The vault guard looks frightened!
Unknown command.
You feel better.
Unknown command.
Casting: Stone Arrow (safe; 1% risk of failure)
Confirm with . or Enter, or press ? or * to list all spells.
Aiming: Passwall (safe; 1% risk of failure)
Press: ? - help, Dir - move target, p - vault guard A rock wall.
Okay, then.
The vault guard gives up.
Unknown command.
The vault guard wails, "Help!"
The vault guard gives up.
The vault guard seems to regain its courage.
Casting: Passwall (safe; 1% risk of failure)
Confirm with . or Enter, or press ? or * to list all spells.
Aiming: Passwall (safe; 1% risk of failure)
Press: ? - help, Dir - move target, p - vault guard A rock wall.
Malevolent energies surge around you.
You begin to meditate on the wall.
You continue meditating on the rock. x3
The vault guard hits you with a +2 great sword of holy wrath.
* * * LOW HITPOINT WARNING * * *
You convulse!
You die...

#...##..##.......#.#...โ‰ˆ....####.
........##.##....#.....โ‰ˆโ‰ˆยง....<..
....#......##....#...........###.
#c..>......##....#...#####.......
##..#......##....#...#.....######
...........##....#**##.....#
###.#......##....# #.....#
###.#......##...p# ####### ***
........#####...@# *,, #.#.#.###
#....# *,, #.#.#.# ###### *,, #.#.#.##
########### *,, #.#.#..# ###.....D...#
*,, ....#).###.......p...# *,,
###.#................# *,,
#)#..#.............# ***
##.#................######


You could see a vault guard.

Vanquished Creatures
  2 centaur warriors
  A boulder beetle (D:12)
  A tengu warrior (D:13)
  2 two-headed ogres
  Lodul (D:11)
  Nergalle (D:10)
  A fire crab (D:10)
  2 ugly things
  2 cyclopes
  A gargoyle (D:7)
  A kobold demonologist (D:8)
  A komodo dragon (D:12)
  Psyche (D:9)
  5 trolls
  2 hornets
  3 slime creatures (D:12)
  A jumping spider (shapeshifter) (D:13)
  4 wraiths
  2 vampires
  A wyvern (D:8)
  A steam dragon (D:9)
  40 yaks
  13 vampire mosquitoes
  An acid dragon (D:10)
  A black bear (D:6)
  9 orc warriors
  5 ice beasts
  3 sky beasts
  9 ogres
  13 centaurs
  3 phantoms
  3 kobold brigands
  Blork the orc (D:5)
  6 bullfrogs
  2 gnoll sergeants (D:8)
  A scorpion (D:4)
  4 wights (D:7)
  6 killer bees (D:10)
  3 howler monkeys
  3 electric eels
  5 jellies
  11 orc priests
  2 hounds (D:6)
  3 gnoll boudas
  3 iguanas
  A sleepcap (D:3)
  4 orc wizards
  14 gnolls
  5 adders
  2 white imps (D:8)
  4 ufetubi
  2 worms
  3 dart slugs
  42 orcs
  5 bats
  5 endoplasms
  2 giant cockroaches (D:2)
  5 goblins
  7 hobgoblins
  3 jackals (D:3)
  3 quokkas
  9 ball pythons
  4 frilled lizards
  10 kobolds
  9 rats
325 creatures vanquished.

Vanquished Creatures (others)
  2 plants (D:1)
2 creatures vanquished.

Grand Total: 327 creatures vanquished

Notes
Turn   | Place    | Note
-------+----------+-------------------------------------------
     0 | D:1      | protoss039 the Demonspawn Earth Elementalist began the
                  | quest for the Orb.
     0 | D:1      | Reached XP level 1. HP: 13/13 MP: 3/3
    92 | D:1      | Reached skill level 1 in Transmutations
   347 | D:1      | Gained mutation: Spells you cast may paralyse adjacent
                  | enemies. [demonic ancestry]
   347 | D:1      | Reached XP level 2. HP: 20/20 MP: 5/5
   428 | D:1      | Reached skill level 1 in Fighting
   607 | D:1      | Found a faded altar of an unknown god.
  1300 | D:1      | Learned a level 2 spell: Passwall
  1344 | D:2      | Gained mutation: When seriously injured, your blood forms
                  | armour. (AC +6) [demonic ancestry]
  1344 | D:2      | Reached XP level 3. HP: 24/26 MP: 2/6
  2407 | D:2      | Learned a level 3 spell: Stone Arrow
  2411 | D:3      | Reached XP level 4. HP: 33/33 MP: 6/8
  2634 | D:3      | Reached skill level 3 in Spellcasting
  3037 | D:4      | Noticed an ogre
  3052 | D:4      | Reached skill level 1 in Conjurations
  3052 | D:4      | Reached XP level 5. HP: 39/39 MP: 6/9
  3094 | D:4      | Killed an ogre
  3103 | D:4      | Reached XP level 6. HP: 47/47 MP: 2/11
  3619 | D:4      | Reached skill level 1 in Armour
  3792 | D:4      | Found a hazy altar of Hepliaklqana.
  4067 | D:5      | Entered Level 5 of the Dungeon
  4093 | D:5      | Found Vais's Distillery.
  4117 | D:5      | Bought a potion of degeneration for 13 gold pieces
  4117 | D:5      | Bought a potion of heal wounds for 65 gold pieces
  4117 | D:5      | Bought a potion of curing for 39 gold pieces
  4228 | D:5      | Found a staircase to the Ecumenical Temple.
  4240 | D:5      | Reached XP level 7. HP: 45/52 MP: 8/12
  4335 | Temple   | Entered the Ecumenical Temple
  4396 | Temple   | Became a worshipper of Vehumet
  4831 | D:5      | Noticed Blork the orc
  4838 | D:5      | Killed Blork the orc
  4839 | D:5      | Reached skill level 4 in Spellcasting
  5334 | D:6      | Gained mutation: You have sharp fingernails. [demonic
                  | ancestry]
  5334 | D:6      | Reached XP level 8. HP: 46/60 MP: 7/14
  6008 | D:6      | Reached * piety under Vehumet
  6008 | D:6      | Offered knowledge of Kiss of Death by Vehumet.
  6261 | D:6      | Reached skill level 5 in Earth Magic
  6708 | D:6      | Reached skill level 5 in Spellcasting
  7131 | D:7      | Noticed Drakonis1988's ghost (novice MiFi)
  7150 | D:7      | Found a runed translucent door.
  7183 | D:7      | Gained mutation: You have very sharp fingernails. [demonic
                  | ancestry]
  7183 | D:7      | Reached XP level 9. HP: 67/67 MP: 7/16
  7246 | D:7      | Found Uguehekh's Antique Armour Shoppe.
  7325 | D:7      | Reached skill level 5 in Armour
  7418 | D:7      | Found Qigg's Antique Weapon Shop.
  7423 | D:7      | Reached skill level 5 in Fighting
  7533 | D:7      | Noticed a troll
  7538 | D:7      | Killed a troll
  7541 | D:7      | Noticed a gargoyle
  7542 | D:7      | Reached skill level 1 in Shields
  7784 | D:7      | Killed a gargoyle
  8143 | D:7      | Reached ** piety under Vehumet
  8143 | D:7      | Offered knowledge of Momentum Strike by Vehumet.
  8616 | D:8      | Reached skill level 6 in Spellcasting
  8623 | D:8      | Reached skill level 5 in Conjurations
  8681 | D:8      | Found a large runed translucent door.
  8681 | D:8      | Found a large runed translucent door.
  8684 | D:8      | Noticed a boulder beetle
  8713 | D:8      | Noticed a kobold demonologist
  8724 | D:8      | Killed a kobold demonologist
  8725 | D:8      | Reached XP level 10. HP: 39/76 MP: 13/19
  8883 | D:8      | Found a large runed translucent door.
  8883 | D:8      | Found a large runed translucent door.
  9311 | D:8      | Found a transporter.
  9405 | D:8      | Found a transporter.
  9527 | D:8      | Offered knowledge of Inner Flame by Vehumet.
  9669 | D:8      | Reached *** piety under Vehumet
  9872 | D:8      | Learned a level 3 spell: Inner Flame
 10045 | D:9      | Reached skill level 7 in Spellcasting
 10335 | D:9      | Offered knowledge of Volatile Blastmotes by Vehumet.
 10362 | D:9      | Reached skill level 1 in Fire Magic
 10428 | D:8      | Reached skill level 5 in Shields
 10646 | D:9      | Found a staircase to the Orcish Mines.
 10734 | D:9      | Noticed Psyche
 10738 | D:9      | Killed Psyche
 10859 | D:9      | Noticed a two-headed ogre
 10860 | D:9      | Identified the +5 great sword "Beziar" {venom, Dex+4}
 10864 | D:9      | Killed a two-headed ogre
 10865 | D:9      | Gained mutation: You have claws for hands. [demonic
                  | ancestry]
 10865 | D:9      | Reached XP level 11. HP: 22/83 MP: 6/22
 11165 | D:9      | Reached skill level 8 in Spellcasting
 11165 | D:9      | Reached **** piety under Vehumet
 11166 | D:9      | Offered knowledge of Sticky Flame by Vehumet.
 11829 | D:9      | Reached skill level 9 in Spellcasting
 12103 | D:7      | Bought a shimmering leather armour for 154 gold pieces
 12103 | D:7      | Identified the +3 leather armour "Seuzu Xirr" {+Inv rN+
                  | Int+4 Dex-3} (You bought it in a shop on level 7 of the
                  | Dungeon)
 12178 | D:10     | Entered Level 10 of the Dungeon
 12178 | D:10     | Noticed a centaur warrior
 12182 | D:10     | Killed a centaur warrior
 12325 | D:10     | Noticed Nergalle
 12332 | D:10     | Killed Nergalle
 12555 | D:10     | Found a staircase to the Lair.
 12555 | D:10     | Noticed a fire crab
 12572 | D:10     | Killed a fire crab
 12573 | D:10     | Reached skill level 10 in Spellcasting
 13014 | D:10     | Found a blossoming altar of Fedhas.
 13064 | D:10     | Found a broken altar of Ashenzari.
 13349 | D:10     | Learned a level 5 spell: Freezing Cloud
 13433 | D:11     | Noticed Lodul
 13446 | D:11     | Killed Lodul
 13447 | D:11     | Reached XP level 12. HP: 34/94 MP: 6/26
 13448 | D:11     | Reached skill level 1 in Ice Magic
 13715 | D:11     | Reached skill level 1 in Air Magic
 13874 | D:11     | Reached skill level 1 in Evocations
 13887 | D:11     | Identified the +1 cloak of the Sacrificial Victim {Harm
                  | Str-5 Int+2}
 13900 | D:11     | Reached ***** piety under Vehumet
 14487 | D:12     | Offered knowledge of Fulminant Prism by Vehumet.
 14747 | D:12     | Noticed a boulder beetle
 14771 | D:12     | Killed a boulder beetle
 15030 | D:12     | Found Caejisuopro's General Store.
 15036 | D:12     | Bought a scroll of magic mapping for 135 gold pieces
 15036 | D:12     | Bought a potion of heal wounds for 90 gold pieces
 15045 | D:12     | Reached skill level 11 in Spellcasting
 15101 | D:12     | Noticed a two-headed ogre
 15104 | D:12     | Killed a two-headed ogre
 15947 | D:13     | Noticed a centaur warrior
 15957 | D:13     | Found a gate to the Vaults.
 15957 | D:13     | Noticed a tengu warrior
 15957 | D:13     | Noticed a vault guard
 15957 | D:13     | Noticed a vault guard
 15957 | D:13     | Noticed a centaur warrior
 15957 | D:13     | Noticed a vault guard
 15957 | D:13     | Noticed a centaur warrior
 15957 | D:13     | Noticed a centaur warrior
 15957 | D:13     | Noticed a vault guard
 15983 | D:13     | Killed a centaur warrior
 16042 | D:13     | Killed a tengu warrior
 16175 | D:13     | Noticed a centaur warrior
 16190 | D:13     | HP: 1/96 [vault guard/+2 great sword of holy wrath (9)]
 16201 | D:13     | Slain by a vault guard

Illustrated notes

Levels and vault maps discovered:
D:1:      matt_arrival_refuge, layout_basic, dreamdust_ecumenical_altar_grove
D:2:      layout_loops_cross, serial_forest, infiniplex_forest_lined_room_3,
          infiniplex_forest_clump_curved, infiniplex_forest_straight_2,
          infiniplex_forest_clump_small, infiniplex_forest_end_1,
          infiniplex_forest_lined_3_way, infiniplex_forest_zigzag_1,
          nrook_mini_backslash, grunt_ministairs_14, kennysheep_generic_room_5
D:3:      layout_rooms
D:4:      layout_loops_ring, nicolae_hepliaklqana_hazy_memory, st_stairs_1
D:5:      layout_loops_cross, minmay_temple_entry_tees, serial_shops, shop,
          uniq_blork_the_orc
D:6:      layout_layer_cave, serial_bayou_pond_b
D:7:      layout_loops_ring, serial_shops, nicolae_shop_pleasant_corner_grove,
          shop, hellmonk_ghost_happy_afterlife, minmay_manual_monstrance
D:8:      gammafunk_wand_slinger, layout_rooms, chequers_serial_rivers_small_b,
          minmay_hollow_rounded_squares
D:9:      argonaut_augean_stables, layout_basic, david_orc_5, uniq_psyche
D:10:     nicolae_cairo_tiling_large, layout_rooms,
          mainiacjoe_overflow_alcove_4, mainiacjoe_overflow_surrounded_room,
          minmay_lair_entry_lava, uniq_nergalle
D:11:     layout_loops_ring, uniq_lodul
D:12:     layout_stronghold, serial_shops, shop
D:13:     layout_basic, lightli_vaults_fourway_checkpoint
Temple:   hellmonk_temple_of_storms

Skill      XL: |  1  2  3  4  5  6  7  8  9 10 11 12 |
---------------+-------------------------------------+-----
Transmutations | 1 2 3 |  3.0
Fighting       | 1 2 3 4 5 6 8 9 |  9.5
Earth Magic    | 3 4 5 6 7 8 9 |  9.2
Spellcasting   | 3 4 5 6 7 10 11 | 11.5
Conjurations   | 1 2 3 4 5 6 |  6.0
Armour         | 1 3 4 6 7 |  7.0
Shields        | 3 5 6 |  6.9
Fire Magic     | 2 3 |  3.0
Ice Magic      | 3 |  3.0
Air Magic      | 3 |  3.0
Evocations     | 3 |  3.0
Dodging        | |  1.7
Stealth        | |  1.7

Action                     |  1- 3 |  4- 6 |  7- 9 | 10-12 || total
---------------------------+-------+-------+-------+-------++-------
  Melee: Dagger            |    42 |    62 |    44 |   116 ||   264
         Unarmed           |     1 |       |       |       ||     1
         Punch             |       |     1 |       |       ||     1
         Falchion          |       |       |       |    17 ||    17
   Cast: Sandblast         |    41 |    73 |   106 |   167 ||   387
         Stone Arrow       |       |       |    44 |   183 ||   227
         Inner Flame       |       |       |       |     4 ||     4
         Passwall          |       |       |       |     6 ||     6
         Freezing Cloud    |       |       |       |     1 ||     1
  Evoke: Wand              |       |     1 |     2 |    13 ||    16
         Condenser vane    |       |       |       |     1 ||     1
    Use: Scroll            |       |     3 |     1 |    10 ||    14
         Potion            |       |       |     2 |     6 ||     8
   Stab: Sleeping          |     5 |       |     1 |       ||     6
         Paralysed         |       |    25 |    25 |    72 ||   122
 Armour: Robe              |     7 |    14 |       |       ||    21
         Ring mail         |       |    26 |    63 |    60 ||   149
         Leather armour    |       |       |       |    52 ||    52
  Dodge: Dodged            |    37 |    41 |    50 |   132 ||   260
  Block: Buckler           |       |       |     4 |    72 ||    76
